 Dungeon Crawl Stone Soup version 0.32-a0-872-g59262bdc9b (webtiles) character file.

Game seed: 9237125084760684051

1998 Autsider the Jinx (level 9, -2/45 HPs)
             Began as a Spriggan Enchanter on Mar 30, 2024.
             Slain by a hornet (15 damage)
             ... on level 5 of the Dungeon.
             The game lasted 00:26:47 (4721 turns).

Autsider the Jinx (Spriggan Enchanter)              Turns: 4721, Time: 00:26:47

Health: -2/45      AC:  2    Str:  4    XL:     9   Next: 2%
Magic:  11/14      EV: 16    Int: 18    God:
Gold:   162        SH:  0    Dex: 18    Spells: 5/13 levels left

rFire   . . .        p - +3 dagger (flame)
rCold   . . .        (no shield)
rNeg    . . .        b - +0 robe
rPois   .            (helmet restricted)
rElec   .            k - scarf {+Inv}
rCorr   .            (gloves unavailable)
SInv    +            (boots unavailable)
Will    +....        m - amulet of regeneration
Stlth   +++          (no ring)
HPRegen 1.07/turn    (no ring)
MPRegen 0.14/turn

%: no passive effects
@: confusing by touch, slowed, quick
A: very small, no large weapons, unfitting armour, see invisible, speed 3
a: Evoke Invisibility


You were on level 5 of the Dungeon.
You visited 1 branch of the dungeon, and saw 5 of its levels.

You collected 162 gold pieces.

Inventory:

Hand Weapons
 a - a +1 dagger
 h - a +0 sling
 p - a +3 dagger of flaming (weapon)
Armour
 b - a +0 robe (worn)
 k - a scarf of invisibility (worn)
Jewellery
 m - an amulet of regeneration (around neck)
Wands
 d - a wand of flame (8)
 o - a wand of polymorph (12)
Scrolls
 e - a scroll of noise {unknown}
 g - a scroll of fog {unknown}
 i - 2 scrolls of identify
 r - 2 scrolls of teleportation
 u - a scroll of blinking
 y - a scroll of immolation
Potions
 c - 2 potions of invisibility
 f - a potion of curing
 j - 2 potions of might
 l - a potion of haste {unknown}
 n - 2 potions of heal wounds
 s - a potion of lignification {unknown}
 v - a potion of attraction {unknown}
 w - a potion of mutation {unknown}


   Skills:
 - Level 4.0 Fighting
 - Level 1.1 Short Blades
 - Level 2.6 Dodging
 - Level 4.4 Stealth
 - Level 2.6 Spellcasting
 + Level 12.7 Hexes
 - Level 2.0 Ice Magic


You had 5 spell levels left.
You knew the following spells:

 Your Spells              Type           Power      Damage    Failure   Level
a - Ensorcelled Hibernat  Hex/Ice        56%        N/A       1%          2
b - Confusing Touch       Hex            48%        N/A       1%          3
c - Tukima's Dance        Hex            48%        N/A       1%          3

Your spell library contained the following spells:

 Spells                   Type           Power      Damage    Failure   Level
 Dazzling Flash           Conj/Hex       50%        N/A       3%          3
 Magic Dart               Conj           8%         1d3       17%         1
 Metabolic Englaciation   Hex/Ice        14%        N/A       22%         5
 Blink                    Tloc           4%         N/A       26%         2
 Call Imp                 Summ           4%         N/A       26%         2
 Passwall                 Erth           2%         N/A       45%         3
 Swiftness                Air            2%         N/A       45%         3
 Leda's Liquefaction      Alch/Erth      1%         N/A       86%         4
 Petrify                  Alch/Erth      2%         N/A       86%         4


Dungeon Overview and Level Annotations

Branches:
Dungeon (5/15)
 Temple: D:4-7

Altars:
Vehumet

Shops:
D:5 [


Innate Abilities, Weirdness & Mutations

You are very small and have problems with some larger weapons.
You are too small for most types of armour.
You have supernaturally acute eyesight. (SInv)
You cover ground extremely quickly. (Speed+++)


Message History

Casting: Ensorcelled Hibernation (safe; 1% risk of failure)
Confirm with . or Enter, or press ? or * to list all spells.
Your hands begin to glow red.
Casting: Confusing Touch (safe; 1% risk of failure)
Confirm with . or Enter, or press ? or * to list all spells.
Aiming: Ensorcelled Hibernation (safe; 1% risk of failure)
Press: ? - help, Shift-Dir - straight line, f/p - hornet
Aim: a hornet (lightly wounded, chance to confuse on hit: 62%, chance to affect: 50%)
The hornet looks drowsy...
The helpless hornet fails to defend itself.
You hit the hornet but do no damage.
The hornet is lightly wounded.
The hornet barely misses you. The hornet closely misses you.
You completely miss the hornet.
The hornet is lightly wounded.
The hornet stings you!
You are poisoned.
You feel yourself slow down.
You completely miss the hornet.
The hornet is lightly wounded.
You feel yourself speed up.
You feel very sick. The hornet stings you.
You suddenly lose the ability to move!
The hornet stings you!
You feel yourself slow down.
You feel yourself speed up.
You feel sick. The hornet stings you!
* * * LOW HITPOINT WARNING * * *
You are more poisoned.
You feel yourself slow down. The hornet stings you!
* * * LOW HITPOINT WARNING * * *
You feel as though you will be slow longer.
You can move again.
* * * LOW HITPOINT WARNING * * *
You feel very sick.
You feel better. The hornet closely misses you. x2
The hornet closely misses you. The hornet attacks as it pursues you!
The hornet stings you!
You die...

.....................,,*,,,,+,,,,
.....#...............,,*,,,,*,,,,
.....#..............,,,*,,,,*,,,,
.....#..............,,,*,,,,*,,,,
.....#.........########*,,,,*,,,,
.....#...##..÷.##.....##,,,,*,,,,
.....#...##............#,,,,*,,,,
.....#...#.............#,,,,*,,,,
....†#...#......@y.....+,,,,+,,,,
.....'...#.............#,,,,*,,,,
.....#+####..####.....####+##,,..
###.....###+#####.....##....#,,..
..#.....#...................#,...
..#.....#...................#,...
..'.....#...................#....
..#.....#...................#....
..#.....################.........


You could see a hornet.

Vanquished Creatures
  The ghost of Storm the Covered, an amateur MiFi (D:4)
  6 yaks (D:5)
  A water moccasin (D:5)
  A black bear (D:4)
  A phantom (D:4)
  A wyvern zombie (D:5)
  A scorpion (D:4)
  A water moccasin skeleton (D:5)
  2 howler monkeys
  2 centaur zombies (D:5)
  A hound (D:4)
  A sleepcap (D:4)
  A bullfrog skeleton (D:5)
  2 iguanas (D:5)
  Terence (D:2)
  An orc wizard (D:5)
  A hound zombie (D:5)
  A hound skeleton (D:5)
  Robin (D:2)
  4 adders
  A white imp (D:5)
  2 ribbon worms (D:2)
  4 dart slugs
  An orc (D:5)
  7 ball pythons
  11 endoplasms
  6 giant cockroaches
  12 goblins
  11 hobgoblins
  3 jackals (D:4)
  6 kobolds
  4 quokkas
  4 bats (D:1)
  3 frilled lizards
  8 rats
114 creatures vanquished.

Vanquished Creatures (collateral kills)
  An ogre (D:4)
  An orc (D:5)
  A kobold (D:4)
3 creatures vanquished.

Vanquished Creatures (others)
  2 dancing weapons
2 creatures vanquished.

Grand Total: 119 creatures vanquished

Notes
Turn   | Place    | Note
-------+----------+-------------------------------------------
     0 | D:1      | Autsider the Spriggan Enchanter began the quest for the
                  | Orb.
     0 | D:1      | Reached XP level 1. HP: 9/9 MP: 5/5
    90 | D:1      | Reached skill level 1 in Fighting
   273 | D:1      | Reached XP level 2. HP: 11/14 MP: 6/6
   368 | D:1      | Found a faded altar of an unknown god.
  1150 | D:2      | Reached XP level 3. HP: 15/18 MP: 8/8
  1153 | D:2      | Learned a level 2 spell: Ensorcelled Hibernation
  1159 | D:2      | Learned a level 3 spell: Confusing Touch
  1200 | D:2      | Reached skill level 4 in Hexes
  1517 | D:2      | Noticed Terence
  1587 | D:2      | Killed Terence
  1588 | D:2      | Reached XP level 4. HP: 19/23 MP: 1/9
  1678 | D:2      | Noticed Robin
  1993 | D:2      | Killed Robin
  2320 | D:3      | Learned a level 3 spell: Tukima's Dance
  2494 | D:3      | Found a radiant altar of Vehumet.
  2812 | D:4      | Reached XP level 5. HP: 28/28 MP: 7/10
  2963 | D:4      | Noticed a phantom
  2973 | D:4      | Killed a phantom
  2974 | D:4      | Reached skill level 5 in Hexes
  2974 | D:4      | Reached skill level 1 in Ice Magic
  2994 | D:4      | Found a runed translucent door.
  2997 | D:4      | Noticed Storm's ghost (amateur MiFi)
  3073 | D:4      | Reached XP level 6. HP: 33/33 MP: 8/11
  3354 | D:4      | Reached skill level 6 in Hexes
  3455 | D:4      | Reached XP level 7. HP: 25/37 MP: 7/12
  3650 | D:4      | Killed Storm's ghost
  3651 | D:4      | Reached skill level 7 in Hexes
  3702 | D:5      | Entered Level 5 of the Dungeon
  3755 | D:5      | Noticed a yak
  3755 | D:5      | Noticed a yak
  3755 | D:5      | Noticed a yak
  3756 | D:5      | Noticed a yak
  3756 | D:5      | Noticed a yak
  3756 | D:5      | Noticed a yak
  3788 | D:5      | Killed a yak
  3789 | D:5      | Reached skill level 8 in Hexes
  3857 | D:5      | Killed a yak
  3858 | D:5      | Reached skill level 9 in Hexes
  3858 | D:5      | Reached XP level 8. HP: 33/42 MP: 5/13
  4000 | D:5      | Found Wiseot's Antique Armour Shoppe.
  4121 | D:5      | Reached skill level 10 in Hexes
  4190 | D:5      | Noticed a hornet
  4292 | D:5      | Reached skill level 11 in Hexes
  4364 | D:5      | Reached skill level 12 in Hexes
  4506 | D:5      | Reached XP level 9. HP: 38/45 MP: 14/14
  4651 | D:5      | Paralysed by a hornet for 1 turns
  4714 | D:5      | Paralysed by a hornet for 2 turns
  4721 | D:5      | Slain by a hornet

Illustrated notes

Levels and vault maps discovered:
D:1:      sevenhm_arrival_forest_fort_small_4, layout_basic,
          chequers_ecumenical_altar_simple_redux
D:2:      layout_basic, chequers_garden, amcnicky_mini_corridor_feature,
          uniq_robin, uniq_terence
D:3:      layout_basic, nicolae_overflow_hidden_temple, kennysheep_nondescript
D:4:      layout_gridville, ebering_ghost_inner_flame
D:5:      layout_gridville, mainiacjoe_overflow_large_starburst,
          kennysheep_mini, serial_shops, shop, serial_undead, serial_undead_e,
          serial_undead_f, serial_undead_d, serial_undead_e, uniq_prince_ribbit1

Skill      XL: |  1  2  3  4  5  6  7  8 |
---------------+-------------------------+-----
Fighting       | 1 2 3 4 |  4.0
Hexes          | 4 5 6 9 12 | 12.7
Ice Magic      | 1 2 |  2.0
Short Blades   | |  1.1
Dodging        | |  2.6
Stealth        | |  4.4
Spellcasting   | |  2.6

Action                     |  1- 3 |  4- 6 |  7- 9 || total
---------------------------+-------+-------+-------++-------
  Melee: Dagger            |   106 |   130 |   140 ||   376
         Short sword       |    80 |    58 |       ||   138
         Unarmed           |       |    44 |       ||    44
   Cast: Ensorcelled Hiber |     7 |    17 |    12 ||    36
         Confusing Touch   |     6 |     9 |    18 ||    33
         Tukima's Dance    |       |     3 |     2 ||     5
    Use: Scroll            |       |       |    11 ||    11
         Potion            |       |       |     1 ||     1
   Stab: Sleeping          |    11 |    15 |     8 ||    34
         Confused          |     6 |     6 |    15 ||    27
         Distracted        |       |       |     1 ||     1
 Armour: Robe              |    39 |    46 |    58 ||   143
         Skin              |       |    30 |       ||    30
  Dodge: Dodged            |    97 |   138 |    92 ||   327

Table legend: (Time is in decaauts)
 A = Elapsed time spent in this place.
 B = Non-inter-level travel time spent in this place.
 C = Inter-level travel time spent in this place.
 D = Time resting spent in this place.
 E = Time spent auto-exploring this place.
 F = Levels seen in this place.
 G = Mean time per level.
                   A        B        C        D        E       F      G
               +--------+--------+--------+--------+--------+-----+--------+
         Total |   3307 |   3204 |    103 |    503 |   1276 |   5 |  661.4 |
       Dungeon |   3307 |   3204 |    103 |    503 |   1276 |   5 |  661.4 |
               +--------+--------+--------+--------+--------+-----+--------+

Top non-repeatable levels by time:
     D:5: 825 daAuts
     D:2: 774 daAuts
     D:1: 773 daAuts
     D:4: 597 daAuts
     D:3: 336 daAuts
